Map: Interloper LE

Players

SamuraiFunn

  • Race: Protoss Protoss
  • Spawn Location: 11:00

A.I. 1 (Harder) - Winner!

  • Race: Terran Terran
  • Spawn Location: 5:00

VOD

Have the link to the VOD?

Description

Time

  • Played on: Nov. 3, 2017, 10:24 p.m.
  • Length: 31:26
Show
View Real Time Build Order
Export as new Build Order

SamuraiFunn Protoss 

Build Orders:  

Get SALT Encoding   

  13  0:07  Probe (Chrono Boost)  
  13  0:17  Probe (Chrono Boost)  
  13  0:20  Pylon  
  14  0:28  Probe (Chrono Boost)  
  15  0:38  Probe (Chrono Boost)  
  15  0:40  Gateway  
  16  0:49  Probe (Chrono Boost)  
  17  0:57  Assimilator  
  17  1:00  Probe (Chrono Boost)  
  18  1:10  Probe (Chrono Boost)  
  19  1:22  Probe (Chrono Boost)  
  20  1:31  Cybernetics Core  
  20  1:34  Probe (Chrono Boost)  
  20  1:36  Zealot  
  23  1:50  Pylon  
  23  1:53  Pylon  
  23  2:02  Gateway  
  23  2:08  Zealot  
  23  2:09  Probe (Chrono Boost)  
  26  2:17  Twilight Council  
  26  2:21  Warp Gate  
  26  2:23  Assimilator  
  26  2:25  Probe (Chrono Boost)  
  26  2:43  Nexus  
  26  2:46  Probe (Chrono Boost)  
  27  2:51  Zealot  
  29  3:02  Charge  
  29  3:04  Zealot  
  31  3:15  Pylon  
  31  3:21  Pylon  
  31  3:25  Zealot  
  35  3:49  Gateway  
  35  3:57  Probe (Chrono Boost)  
  35  3:58  Probe (Chrono Boost)  
  35  4:11  Probe x2 (Chrono Boost)  
  37  4:18  Assimilator  
  37  4:22  Assimilator  
  37  4:27  Stargate  
  37  4:30  Stargate  
  37  4:47  Zealot  
  37  4:48  Zealot  
  41  4:56  Forge  
  41  5:00  Gateway  
  41  5:06  Probe x2 (Chrono Boost)  
  43  5:14  Zealot x2  
  43  5:15  Zealot  
  43  5:16  Probe x2 (Chrono Boost)  
  51  5:23  Void Ray  
  47  5:52  Void Ray  
  47  5:56  Zealot x2  
  47  5:57  Zealot  
  57  6:03  Probe x2 (Chrono Boost)  
  59  6:14  Probe x2 (Chrono Boost)  
  59  6:16  Zealot  
  63  6:24  Void Ray  
  67  6:37  Pylon  
  67  6:43  Stargate  
  67  6:55  Void Ray  
  67  6:57  Probe x2 (Chrono Boost)  
  73  7:06  Pylon  
  73  7:18  Nexus  
  73  7:23  Pylon  
  73  7:30  Probe x2 (Chrono Boost)  
  75  7:38  Void Ray  
  79  7:49  Probe x2 (Chrono Boost)  
  81  7:59  Probe (Chrono Boost)  
  81  8:00  Probe (Chrono Boost)  
  81  8:05  Zealot x2  
  85  8:06  Zealot x2  
  85  8:10  Probe (Chrono Boost)  
  85  8:11  Probe (Chrono Boost)  
  93  8:46  Void Ray x3  
  107  8:48  Probe x2 (Chrono Boost)  
  107  8:53  Zealot  
  107  8:59  Probe (Chrono Boost)  
  108  9:07  Pylon  
  108  9:16  Pylon  
  108  9:19  Pylon  
  108  9:25  Robotics Facility  
  108  9:31  Pylon  
  108  9:32  Void Ray x2  
  108  9:33  Void Ray  
  108  9:34  Pylon  
  120  9:54  Probe x2 (Chrono Boost)  
  120  9:57  Probe (Chrono Boost)  
  123  10:01  Assimilator  
  123  10:05  Probe x2 (Chrono Boost)  
  123  10:06  Assimilator  
  125  10:08  Zealot x2, Stalker  
  125  10:09  Zealot  
  133  10:15  Gateway  
  133  10:17  Gateway  
  133  10:29  Nexus  
  133  10:36  Pylon  
  133  10:39  Pylon  
  133  10:42  Warp Prism  
  135  10:52  Mothership Core (Chrono Boost)  
  138  10:57  Probe x2 (Chrono Boost)  
  139  11:09  Zealot x2  
  139  11:10  Probe (Chrono Boost), Zealot x2  
  148  11:18  Warp Prism  
  150  11:36  Void Ray x3  
  162  11:47  Probe (Chrono Boost)  
  162  11:48  Probe (Chrono Boost)  
  164  11:54  Zealot  
  164  11:55  Zealot x5  
  164  12:26  Void Ray  
  164  12:27  Void Ray x2  
  144  12:41  Stalker x4  
  144  12:44  Stalker x2  
  156  13:07  Stalker x3  
  156  13:08  Stalker x3  
  156  13:09  Void Ray  
  172  13:53  Zealot  
  172  13:54  Zealot x2  
  178  13:55  Zealot  
  172  14:48  Zealot x3  
  172  14:49  Zealot  
  180  15:09  Pylon  
  180  15:11  Pylon  
  180  15:13  Pylon  
  180  15:15  Pylon  
  180  15:18  Pylon  
  160  16:03  Stalker  
  160  16:04  Stalker  
  162  16:07  Zealot x4  
  139  16:51  Zealot x3  
  139  16:52  Zealot x2  
  139  16:53  Zealot  
  88  18:08  Nexus  
  88  18:16  Pylon  
  88  18:18  Pylon  
  87  18:25  Nexus  
  85  18:35  Pylon  
  85  18:38  Pylon  
  85  18:40  Pylon  
  85  18:41  Pylon  
  85  18:49  Pylon  
  4  20:26  Gateway  
  4  20:28  Gateway  
  4  20:30  Gateway  
  4  20:32  Gateway  
  4  20:33  Gateway  
  4  20:47  Forge  
  4  20:52  Gateway  
  4  20:54  Gateway  
  4  21:18  Cybernetics Core  
  4  21:31  Forge  
  4  21:41  Gateway x2  
  4  21:43  Gateway  
  4  21:48  Zealot x3  
  4  21:49  Zealot x2  
  14  22:18  Pylon  
  14  22:19  Probe x2 (Chrono Boost)  
  14  22:21  Pylon  
  16  22:24  Zealot x5  
  28  22:30  Probe x2 (Chrono Boost)  
  28  22:40  Probe x2 (Chrono Boost)  
  30  22:50  Stargate  
  30  22:51  Stargate  
  30  22:53  Stargate  
  30  22:56  Assimilator  
  30  22:57  Probe x2 (Chrono Boost)  
  32  23:00  Assimilator  
  32  23:13  Probe x2 (Chrono Boost)  
  34  23:24  Probe x2 (Chrono Boost)  
  36  23:33  Void Ray  
  40  23:34  Void Ray  
  40  23:37  Void Ray  
  40  23:41  Probe x2 (Chrono Boost)  
  50  23:49  Protoss Ground Weapons Level 1  
  50  23:51  Probe x2 (Chrono Boost)  
  50  23:54  Twilight Council  
  52  24:02  Probe x2 (Chrono Boost)  
  54  24:16  Void Ray  
  58  24:20  Void Ray  
  62  24:25  Probe (Chrono Boost)  
  62  24:26  Probe (Chrono Boost)  
  64  24:36  Probe x2 (Chrono Boost)  
  66  24:46  Probe (Chrono Boost)  
  66  24:47  Probe (Chrono Boost)  
  68  25:02  Zealot  
  68  25:03  Zealot  
  68  25:04  Zealot x3  
  78  25:27  Void Ray x3  
  90  25:32  Probe x2 (Chrono Boost)  
  94  25:42  Probe (Chrono Boost)  
  94  25:43  Probe (Chrono Boost)  
  94  26:06  Probe x2 (Chrono Boost)  
  96  26:16  Probe x2 (Chrono Boost)  
  98  26:27  Probe x2 (Chrono Boost)  
  98  26:28  Stalker  
  102  26:37  Probe (Chrono Boost)  
  102  26:38  Probe (Chrono Boost)  
  60  26:48  Probe x2 (Chrono Boost)  
  60  26:50  Void Ray x3  
  60  26:54  Stalker x3  
  68  26:55  Stalker  
  58  27:12  Probe x2 (Chrono Boost)  
  60  27:23  Probe x2 (Chrono Boost)  
  62  27:33  Void Ray x3  
  70  27:55  Zealot x2  
  70  27:56  Zealot x3  
  78  28:00  Zealot  
  78  28:01  Zealot x3  
  44  28:42  Zealot x2  
  44  28:43  Zealot x2  
  44  28:44  Zealot  
  50  28:49  Void Ray  
  50  28:50  Void Ray x2  
  48  29:02  Zealot  
  48  29:03  Zealot x2  
  48  29:04  Zealot x3  
  48  29:05  Zealot  
  54  29:36  Zealot x2  
  54  29:37  Zealot x3  
  54  30:16  Zealot x3  
  54  30:18  Zealot  
  54  30:19  Zealot x2  
  44  31:04  Nexus  
  44  31:09  Pylon  
  44  31:12  Pylon  
  40  31:19  Assimilator  
  40  31:22  Assimilator  
Show
View Real Time Build Order
Export as new Build Order

A.I. 1 (Harder) Terran - Winner!

Build Orders: MMM Bio 

Get SALT Encoding   

  12  0:00  SCV  
  13  0:13  SCV  
  14  0:19  Supply Depot  
  14  0:25  SCV  
  15  0:41  SCV  
  16  0:45  Barracks  
  16  0:50  Refinery  
  16  0:53  SCV  
  17  1:05  SCV  
  18  1:17  SCV  
  19  1:21  Supply Depot  
  19  1:29  SCV  
  19  1:32  Marine  
  21  1:41  Barracks, Orbital Command  
  21  1:50  Barracks Tech Lab, Refinery  
  21  2:02  Factory  
  21  2:08  Marine  
  22  2:19  Supply Depot  
  22  2:26  Marine  
  22  2:28  Marine  
  24  2:44  Marine  
  24  2:46  Marine  
  24  2:49  Hellion  
  28  2:53  Supply Depot  
  28  3:02  Marine  
  28  3:04  Marine  
  30  3:10  Hellion  
  32  3:19  Marine  
  32  3:20  SCV  
  34  3:32  SCV, Hellion  
  34  3:33  Engineering Bay  
  37  3:39  Supply Depot  
  37  3:44  SCV  
  38  3:53  Hellion  
  40  3:56  SCV  
  41  4:08  SCV  
  42  4:14  Hellion  
  44  4:20  SCV  
  45  4:36  Hellion  
  47  4:59  Barracks Tech Lab, Marauder  
  49  5:00  Stimpack  
  49  5:01  Factory, Factory Tech Lab  
  49  5:04  Supply Depot  
  49  5:07  Starport, Command Center  
  49  5:10  Starport  
  49  5:16  Combat Shields  
  49  5:21  Marauder  
  51  5:23  Siege Tank  
  54  5:35  Terran Infantry Weapons Level 1  
  33  5:42  Marine  
  33  5:45  Factory Tech Lab  
  33  5:46  Starport Tech Lab x2  
  34  5:50  Marine  
  35  6:00  Marine  
  36  6:07  Marine  
  37  6:11  Widow Mine  
  39  6:19  Marauder  
  39  6:21  SCV  
  39  6:22  Refinery  
  39  6:23  SCV  
  43  6:26  Marine  
  44  6:33  SCV  
  44  6:35  SCV, Concussive Shells  
  46  6:40  Marine  
  46  6:42  Siege Tank  
  46  6:45  SCV  
  51  6:47  SCV  
  51  6:49  Marine  
  53  6:56  Siege Tank  
  53  6:57  SCV  
  53  6:59  SCV  
  58  7:03  Marauder  
  58  7:04  Raven  
  62  7:09  SCV  
  62  7:10  Marine  
  62  7:11  SCV  
  65  7:17  Widow Mine  
  65  7:18  Missile Turret  
  65  7:21  SCV  
  65  7:22  Missile Turret  
  68  7:23  SCV  
  68  7:25  Raven  
  68  7:29  Terran Infantry Armor Level 1  
  71  7:30  Supply Depot  
  71  7:33  SCV  
  71  7:34  Missile Turret  
  71  7:35  SCV  
  73  7:44  Bunker  
  73  7:45  SCV  
  73  7:47  SCV  
  73  7:50  Missile Turret  
  75  7:57  SCV  
  76  7:59  Sensor Tower, SCV  
  76  8:03  Supply Depot  
  77  8:09  SCV  
  77  8:11  Bunker  
  78  8:16  Armory  
  78  8:22  Barracks  
  78  8:41  Refinery  
  78  9:02  Medivac  
  78  9:03  Medivac, Marine  
  78  9:05  Marine  
  78  9:07  Factory  
  78  9:08  Marine  
  85  9:11  Starport, Command Center  
  85  9:14  Supply Depot  
  85  9:20  Marine  
  85  9:23  Marine  
  87  9:27  Barracks Reactor  
  87  9:32  Medivac, Raven  
  87  9:37  Supply Depot  
  91  9:39  Marauder  
  91  9:41  Marine  
  94  9:47  Starport Reactor  
  94  9:48  Terran Infantry Weapons Level 2  
  94  9:52  Factory Tech Lab  
  94  9:59  Marine  
  95  10:00  Marine  
  95  10:03  Supply Depot  
  96  10:13  Terran Vehicle Weapons Level 1  
  96  10:17  Marauder  
  96  10:19  Engineering Bay  
  98  10:23  SCV  
  98  10:24  SCV x2  
  101  10:35  Refinery  
  100  10:36  SCV x2  
  100  10:37  SCV, Missile Turret  
  100  10:38  Missile Turret  
  100  10:39  Refinery  
  100  10:41  Ghost Academy  
  103  10:44  Terran Infantry Armor Level 2  
  103  10:48  SCV  
  103  10:49  SCV x2  
  106  10:55  Fusion Core  
  106  10:59  Bunker  
  106  11:00  SCV  
  106  11:01  SCV, Armory  
  106  11:03  SCV  
  109  11:12  SCV  
  109  11:13  SCV  
  109  11:15  SCV  
  111  11:24  SCV  
  112  11:25  SCV  
  113  11:48  Terran Ship Weapons Level 1  
  113  11:55  Command Center  
  113  12:08  Terran Vehicle And Ship Armor Level 1  
  113  12:14  Marine  
  110  12:16  Missile Turret  
  110  12:17  Marine  
  110  12:19  Marine  
  110  12:22  Marine  
  104  12:27  Supply Depot  
  102  12:32  Marine  
  102  12:34  Marine  
  104  12:37  Marine  
  104  12:40  Marine  
  106  12:49  Marine  
  107  12:52  Marine  
  107  12:53  Supply Depot  
  107  12:55  Marine  
  107  12:58  Marine  
  110  13:07  Marine  
  110  13:11  Marauder  
  113  13:13  Marine  
  113  13:16  Marine  
  113  13:19  Refinery  
  115  13:23  Refinery  
  115  13:24  Missile Turret  
  115  13:26  Marauder  
  117  13:28  Missile Turret  
  117  13:31  Marine x2  
  117  13:34  Marine  
  120  13:43  SCV  
  120  13:47  Marauder  
  122  13:49  Marine x2  
  122  13:51  SCV, Marine  
  122  13:52  SCV  
  124  13:56  SCV  
  124  13:57  Missile Turret  
  124  13:58  SCV  
  123  14:03  SCV  
  123  14:05  SCV  
  123  14:06  Marine  
  123  14:07  Marine  
  123  14:08  SCV, Marine  
  123  14:09  Marine  
  128  14:12  Refinery  
  128  14:15  SCV, Building Armor  
  128  14:16  Neosteel Frame  
  129  14:18  High Capacity Fuel Tanks  
  129  14:19  Terran Vehicle And Ship Armor Level 2, Bunker, Terran Ship Weapons Level 2  
  129  14:24  Marine  
  129  14:25  Ghost x2  
  129  14:27  Marine  
  135  14:42  Marine  
  136  14:54  Marauder  
  138  15:29  Cyclone  
  141  15:35  Terran Infantry Weapons Level 3  
  141  15:56  Terran Infantry Armor Level 3  
  141  16:21  SCV x3, Command Center  
  121  16:33  SCV x3  
  121  16:35  Supply Depot  
  122  16:45  SCV x2  
  121  16:47  Bunker  
  113  16:57  SCV x2  
  102  17:09  SCV x2  
  102  17:11  Cyclone  
  95  17:21  SCV  
  95  17:33  SCV x2  
  85  17:45  SCV x2  
  85  17:47  Marine x2  
  85  17:50  Cyclone  
  80  17:54  Viking  
  80  17:55  Hellion x2  
  80  17:57  SCV  
  87  18:00  Command Center  
  84  18:09  SCV  
  81  18:22  SCV  
  79  18:28  Viking  
  71  19:39  Supply Depot  
  54  20:17  Command Center  
  46  21:54  Command Center  
  46  23:06  SCV  
  46  23:08  SCV x2  
  49  23:18  SCV  
  50  23:20  SCV  
  51  23:29  SCV  
  52  23:45  Command Center  
  52  24:09  Barracks  
  52  24:26  Supply Depot  
  52  24:32  SCV  
  53  24:47  SCV  
  53  24:48  SCV  
  53  24:50  Engineering Bay  
  53  24:51  Supply Depot  
  55  24:56  SCV  
  55  24:57  SCV, Marine  
  55  24:59  Barracks  
  59  25:00  SCV  
  57  25:08  Factory  
  57  25:15  Marine  
  58  25:22  SCV, Orbital Command  
  57  25:32  Marine  
  58  25:42  Command Center  
  58  25:46  Marine  
  59  25:50  Marine  
  59  25:56  Starport  
  60  26:13  Supply Depot  
  60  26:19  Barracks  
  60  26:34  SCV  
  60  26:35  Barracks Tech Lab, SCV, Starport Tech Lab  
  56  26:46  SCV  
  49  26:54  Factory, Factory Tech Lab  
  47  26:55  SCV  
  45  27:05  SCV  
  45  27:06  Barracks Reactor  
  46  27:14  SCV  
  47  27:20  SCV  
  48  27:25  SCV  
  49  27:31  SCV  
  49  27:36  SCV  
  51  27:41  SCV  
  52  27:44  SCV  
  52  27:49  SCV  
  54  27:53  SCV  
  54  27:57  SCV  
  56  28:01  SCV  
  57  28:06  SCV  
  57  28:09  SCV  
  57  28:13  SCV  
  57  28:18  SCV  
  57  28:21  SCV  
  57  28:25  SCV  
  59  28:34  Factory, Factory Tech Lab  
  56  28:41  Raven  
  56  28:44  Starport  
  56  28:47  Marine  
  58  28:49  Marine  
  58  28:51  Marine  
  58  28:56  Marine  
  58  29:04  Siege Tank  
  61  29:14  Marine  
  55  29:18  Factory Tech Lab, Marauder  
  55  29:20  Viking  
  55  29:24  Medivac, Starport  
  57  29:32  Marauder  
  59  29:39  Marauder  
  59  29:42  SCV  
  59  29:45  SCV  
  61  29:47  Missile Turret  
  61  29:48  Marine  
  61  29:50  Marine  
  63  29:54  Marine, Raven  
  66  30:04  SCV  
  66  30:08  Marine  
  66  30:09  Missile Turret  
  66  30:12  Marine  
  66  30:15  Starport Reactor, Supply Depot, Starport Tech Lab  
  63  30:28  Command Center  
  63  30:36  Raven  
  63  30:37  Banshee  
  63  30:38  SCV  
  69  30:45  SCV  
  69  30:46  Supply Depot  
  70  31:07  SCV x2, Marine x2  
  70  31:08  Marine  
  77  31:17  Supply Depot  
Tags
 
Composition
MMM Bio
Matchup
PvT
Replay Pack
First 100 games
Spawn Locations
Cross Positions
Add a new tag
Caveats
  • Supply blocks, unpowered buildings, or Contaminate may cause inaccurate times.
  • Supply counts are checked every 10 seconds.